 Dungeon Crawl Stone Soup version 0.21-a0-137-g951aa02 (webtiles) character file.

849 Shalashaska the Chopper (level 7, -1/61 HPs)
             Began as a Minotaur Berserker on July 18, 2017.
             Was a Priest of Trog.
             Slain by a gnoll
             ... wielding a +0 halberd
              (6 damage)
             ... on level 4 of the Dungeon.
             The game lasted 00:11:44 (3707 turns).

Shalashaska the Chopper (Minotaur Berserker)        Turns: 3707, Time: 00:11:46

Health: -1/61      AC:  7    Str: 22    XL:     7   Next: 69%
Magic:  6/6        EV: 12    Int:  4    God:    Trog [***...]
Gold:   165        SH:  0    Dex: 11    Spells: 6/6 levels left

rFire    . . .     SeeInvis .   a - +0 mace
rCold    + . .     Gourm    .   (no shield)
rNeg     . . .     Faith    .   j - +0 ring mail
rPois    +         Spirit   .   (helmet restricted)
rElec    .         Reflect  .   (no cloak)
rCorr    .         Harm     .   (no gloves)
MR       .....                  o - +0 pair of boots
Stlth    +.........             (no amulet)
HPRegen  0.20/turn              m - ring of protection from cold
MPRegen  0.10/turn              w - ring of poison resistance

@: no status effects
A: retaliatory headbutt, horns 2
a: Berserk, Trog's Hand, Burn Spellbooks, Renounce Religion


You were on level 4 of the Dungeon.
You worshipped Trog.
Trog was most pleased with you.
You were not hungry.

You visited 1 branch of the dungeon, and saw 4 of its levels.

You collected 165 gold pieces.

Inventory:

Hand Weapons
 a - a +0 mace (weapon)
 y - a +1 vampiric hand axe
Armour
 j - a +0 ring mail (worn)
 o - a +0 pair of boots (worn)
Jewellery
 m - a ring of protection from cold (left hand)
 w - a ring of poison resistance (right hand)
Scrolls
 b - 3 scrolls of magic mapping {unknown}
 g - 2 scrolls of recharging {unknown}
 h - 4 scrolls of identify {unknown}
 l - a scroll of fog {unknown}
 q - a scroll of teleportation {unknown}
 s - 2 scrolls of noise {unknown}
 x - a scroll of enchant weapon {unknown}
Potions
 d - 2 potions of mutation {unknown}
 e - a potion of degeneration {unknown}
 f - a potion of heal wounds {unknown}
 k - a potion of cancellation {unknown}
 n - 2 potions of lignification {unknown}
 p - 2 potions of flight {unknown}
 r - a potion of berserk rage {unknown}
 t - a potion of resistance {unknown}
 u - a potion of agility {unknown}
Comestibles
 c - 2 bread rations
 i - 2 meat rations


   Skills:
 + Level 5.4 Fighting
 + Level 7.4 Axes
 + Level 5.8 Armour
 + Level 3.8 Dodging
 + Level 1.2 Stealth
 + Level 1.6 Unarmed Combat


You had 6 spell levels left.
You didn't know any spells.

Dungeon Overview and Level Annotations

Branches:
Dungeon (4/15)
 Temple: D:4-7

Altars:
Ashenzari
Kikubaaqudgha
Nemelex Xobeh
Okawaru
Qazlal
Ru


Innate Abilities, Weirdness & Mutations

You reflexively headbutt those who attack you in melee.
You have a pair of horns on your head.


Message History

You are too injured to fight recklessly!
The gnoll shouts!
A gnoll comes into view. It is wielding a halberd.
There is an open door here.
The gnoll shouts!
The gnoll hits you from afar with a halberd.
* * * LOW HITPOINT WARNING * * *
The gnoll hits you with a spear.
* * * LOW HITPOINT WARNING * * *
You hit the gnoll but do no damage. The gnoll hits you with a spear!
* * * LOW HITPOINT WARNING * * *
The gnoll hits you from afar with a halberd.
* * * LOW HITPOINT WARNING * * *
The gnoll barely misses you. You furiously retaliate!
You headbutt the gnoll! You sock the gnoll!
You kill the gnoll!
Trog accepts your kill. The gnoll closely misses you.
The gnoll hits you with a halberd.
You die...

##........# #.####
#.........#.
#.........# #.#
###.###.###.
#.........# #.#
#.........
#.........# #.#
#########.
#.######+## #.# #.
#.# #.####.### ##
#.# ###........#
#.####.....##.#g#
#....'.....'..#@#
#######.....####.#
....# #........#.#
###.#
####.###.#'######
#.# #(.........<.#
#.##
#####........#
#(#. #........#
#.#. #........#
#.#. #........#
###


You could see a gnoll.

Vanquished Creatures
  The ghost of psellion the Shield-Bearer, an amateur FoFi of Makhleb (D:4)
  A phantom (D:4)
  A bullfrog (D:4)
  A howler monkey (D:3)
  An orc priest (D:4)
  3 orc wizards (D:4)
  A bullfrog skeleton (D:4)
  2 worker ants (D:4)
  11 adders
  5 gnolls
  2 oozes
  An adder skeleton (D:4)
  4 dart slugs
  2 leopard geckos (D:2)
  16 orcs
  A ball python (D:2)
  6 giant cockroaches
  5 goblins
  11 hobgoblins
  4 kobolds
  A quokka (D:4)
  10 bats
  4 frilled lizards
  A jackal skeleton (D:4)
  13 rats
108 creatures vanquished.

Notes
Turn   | Place    | Note
-------+----------+-------------------------------------------
     0 | D:1      | Shalashaska the Minotaur Berserker began the quest for the Orb.
     0 | D:1      | Reached XP level 1. HP: 19/19 MP: 0/0
   100 | D:1      | Reached XP level 2. HP: 15/27 MP: 1/1
   100 | D:1      | Reached skill level 4 in Axes
   431 | D:1      | Reached XP level 3. HP: 33/33 MP: 2/2
   609 | D:2      | Reached ** piety under Trog
   684 | D:2      | Reached XP level 4. HP: 20/41 MP: 3/3
   686 | D:2      | HP: 1/41 [gnoll/spear (4)]
   691 | D:2      | Reached skill level 5 in Axes
  1030 | D:2      | Found a sacrificial altar of Ru.
  1342 | D:2      | Found an ancient bone altar of Kikubaaqudgha.
  1363 | D:2      | Found a stormy altar of Qazlal.
  1400 | D:2      | Reached XP level 5. HP: 46/47 MP: 4/4
  1634 | D:2      | Found a sparkling altar of Nemelex Xobeh.
  2088 | D:3      | Found a shattered altar of Ashenzari.
  2159 | D:3      | Reached *** piety under Trog
  2526 | D:4      | Reached skill level 6 in Axes
  2526 | D:4      | Reached XP level 6. HP: 37/53 MP: 5/5
  2772 | D:4      | Noticed psellion's ghost (amateur FoFi)
  2791 | D:4      | Killed psellion's ghost
  2791 | D:4      | Reached skill level 5 in Fighting
  2791 | D:4      | Reached skill level 5 in Armour
  2791 | D:4      | Reached skill level 1 in Stealth
  2796 | D:4      | Reached XP level 7. HP: 32/61 MP: 6/6
  3088 | D:4      | Reached skill level 7 in Axes
  3118 | D:4      | Found an iron altar of Okawaru.
  3677 | D:4      | Reached skill level 1 in Unarmed Combat
  3707 | D:4      | Slain by a gnoll

Vault maps used:
D:1:      ncdulo_watergridlock, kennysheep_flooded_box, grunt_decor_cap,
          minmay_bisected
D:2:      nicolae_overflow_crystal_walls, lemuel_doored_altar,
          nicolae_overflow_hidden_temple, first_bread, nrook_mini_backslash,
          nicolae_ru_awakened_eye
D:3:      old_standard_altar
D:4:      okawaru_trees_1

Skill      XL: |  1  2  3  4  5  6  7 |
---------------+----------------------+-----
Fighting       | 4 5 |  5.4
Axes           | 4 5 6 7 |  7.4
Armour         | 3 4 5 |  5.8
Dodging        | 3 |  3.8
Stealth        | 1 |  1.2
Unarmed Combat | 1 |  1.6

Action                   |  1- 3 |  4- 6 |  7- 9 || total
-------------------------+-------+-------+-------++-------
Melee: Hand axe          |    83 |   133 |    22 ||   238
       Headbutt          |     6 |    17 |    17 ||    40
       Mace              |       |       |    60 ||    60
       Unarmed           |       |       |    49 ||    49
Invok: Berserk           |     1 |     2 |       ||     3
       Burn Spellbooks   |       |     1 |       ||     1
 Stab: Sleeping          |     1 |       |       ||     1
  Eat: Chunk             |       |     7 |       ||     7
       Bread ration      |       |       |     1 ||     1
       Royal jelly       |       |       |     1 ||     1
Armor: Animal skin       |     5 |       |       ||     5
       Ring mail         |    17 |    44 |    38 ||    99
Dodge: Dodged            |    63 |    92 |    55 ||   210
